[Event "*** SCC Grand Prix: Titled Tuesday Blitz"]
[Site "Chess.com"]
[Date "2020.10.06"]
[Round "9"]
[White "parnali1611"]
[Black "Rital44"]
[Result "1-0"]
[WhiteElo "2165"]
[BlackElo "2425"]
[TimeControl "180+1"]
[EndTime "11:43:55 PDT"]
[Termination "parnali1611 won by resignation"]

1. d4 e5 2. dxe5 Nc6 3. e4 Qe7 4. Nf3 Nxe5 5. Nc3 Nf6 6. Bf4 d6 7. Bxe5 dxe5 8. Bc4 Be6 9. Qe2 O-O-O 10. Nxe5 Bxc4 11. Nxc4 Rd4 12. O-O Nxe4 13. Nb5 Rxc4 14. Qxc4 Nd2 15. Qg4+ Kb8 16. Rfe1 Qd8 17. Qd4 Bd6 18.
Qxa7+ Kc8 19. Nxd6+ cxd6 20. Qa8+ Kc7 21. Qa5+ Kd7 22. Qxd2 Qb6 23. c3 1-0

[Event "*** SCC Grand Prix: Titled Tuesday Blitz"]
[Site "Chess.com"]
[Date "2020.10.06"]
[Round "9"]
[White "fabianvivasz"]
[Black "Chamal_Gedgafov"]
[Result "0-1"]
[WhiteElo "2339"]
[BlackElo "2184"]
[TimeControl "180+1"]
[EndTime "11:44:02 PDT"]
[Termination "Chamal_Gedgafov won by resignation"]

1. e4 e6 2. d4 d5 3. Nd2 a6 4.
Ngf3 c5 5. exd5 exd5 6. Be2 Nf6 7.
O-O c4 8. Re1 Be7 9. b3 cxb3 10.
axb3 Nc6 11. c3 O-O 12. Ne5 Nxe5 13. dxe5 Ne4 14. Nxe4 dxe4 15. Bf4 Qb6 16. Bc4 Bf5 17. b4 Rac8 18. Qe2 Qc6 19. Bd5 Qxd5 20. Rad1 0-1

[Event "*** SCC Grand Prix: Titled Tuesday Blitz"]
[Site "Chess.com"]
[Date "2020.10.06"]
[Round "9"]
[White "dominikaf"]
[Black "lacafi"]
[Result "1-0"]
[WhiteElo "2263"]
[BlackElo "2101"]
[TimeControl "180+1"]
[EndTime "11:44:05 PDT"]
[Termination "dominikaf won on time"]

1. d4 f5 2. Qd3 g6 3. g4 fxg4 4.
h3 d5 5. hxg4 Bxg4 6. Bh3 Bd7 7.
Nf3 Nc6 8. Ng5 Nb4 9. Qb3 e5 10.
a3 Be7 11. Bxd7+ Qxd7 12. axb4 1-0

[Event "*** SCC Grand Prix: Titled Tuesday Blitz"]
[Site "Chess.com"]
[Date "2020.10.06"]
[Round "9"]
[White "smshk35"]
[Black "TheMagnet"]
[Result "0-1"]
[WhiteElo "2473"]
[BlackElo "2597"]
[TimeControl "180+1"]
[EndTime "11:44:17 PDT"]
[Termination "TheMagnet won by resignation"]

1. e4 c5 2. Nf3 g6 3. c3 Nc6 4.
d4 d5 5. e5 cxd4 6. cxd4 Bg4 7. Bb5 Qb6 8. Bxc6+ bxc6 9. O-O Nh6 10. Nc3 Nf5 11. Na4 Qb5 12. e6 fxe6 13. Nc5 Bxf3 14. gxf3 e5 15. Ne6 Kd7 16. a4 Qb4 17. Bd2 Qd6 18.
Nc5+ Ke8 19. dxe5 Qxc5 20. Rc1 Qb6 21. a5 Qb5 22. b4 e6 0-1

[Event "*** SCC Grand Prix: Titled Tuesday Blitz"]
[Site "Chess.com"]
[Date "2020.10.06"]
[Round "9"]
[White "bocah_sakit"]
[Black "Gurvich_Vitaly"]
[Result "0-1"]
[WhiteElo "2808"]
[BlackElo "2655"]
[TimeControl "180+1"]
[EndTime "11:44:23 PDT"]
[Termination "Gurvich_Vitaly won by checkmate"]

1. e4 c5 2. Nf3 Nc6 3. d4 cxd4 4.
Nxd4 e5 5. Nc3 exd4 6. Ne2 Bc5 7.
g3 Nf6 8. Bg2 O-O 9. O-O d5 10.
exd5 Nxd5 11. c4 Nb6 12. b3 Re8 13. Nf4 Bf5 14. Bb2 Qd7 15. a3 a5 16. Qd2 a4 17.
Nd3 Bxd3 18. Qxd3 axb3 19. Qxb3 Na5 20. Qd3 Naxc4 21. Bc1 Ne5 22. Qc2 Rac8 23. Qd1 d3 24. Rb1 Nec4 25. Bf4 Rcd8 26. a4 Qxa4 27. Qh5 Bf8 28. Bc7 d2 29. Bf3 g6 30. Qh4 Rd3 31. Bd1 Qc6 32. Bf4 Nd5 33. Bg5 h6 34. Bxh6 Bxh6 35. Qxh6 Nc3 36. Bc2 Ne2# 0-1

[Event "*** SCC Grand Prix: Titled Tuesday Blitz"]
[Site "Chess.com"]
[Date "2020.10.06"]
[Round "9"]
[White "gui_borba"]
[Black "BeanScreen"]
[Result "0-1"]
[WhiteElo "2493"]
[BlackElo "2666"]
[TimeControl "180+1"]
[EndTime "11:44:25 PDT"]
[Termination "BeanScreen won by resignation"]

1. d4 d5 2. Bf4 Nf6 3. e3 c5 4. c3 Nc6 5. Nd2 Qb6 6. Qb3 c4 7. Qc2 g6 8. Ngf3 Bf5 9. Qc1 Bg7 10. h3 O-O 11. Be2 Qd8 12. O-O b5 13. b3 Rc8 14.
b4 a5 15. a3 Qb6 16. Ne5 Ra8 17.
Nxc6 Qxc6 18. Qb2 Ra7 19. a4 Rfa8 20. bxa5 bxa4 21. Qb6 Qxb6 22. axb6 Rb7 23. g4 Bc2 24. Rfc1 Bb3 25. Nxb3 cxb3 26. Rcb1 Rxb6 27. c4 Ne4 28. c5 Rb4 29. c6 Nc3 30. c7 Nxe2+ 31. Kf1 Nxf4 32.
exf4 Rc8 0-1

[Event "*** SCC Grand Prix: Titled Tuesday Blitz"]
[Site "Chess.com"]
[Date "2020.10.06"]
[Round "9"]
[White "Rakesh"]
[Black "FramboiseDePrintemps"]
[Result "0-1"]
[WhiteElo "2499"]
[BlackElo "2668"]
[TimeControl "180+1"]
[EndTime "11:44:33 PDT"]
[Termination "FramboiseDePrintemps won by resignation"]

1. e4 c5 2. c3 Nf6 3. e5 Nd5 4. d4 cxd4 5. Nf3 Nc6 6. cxd4 d6 7. Bc4 Nb6 8. Bb3 dxe5 9. d5 Na5 10. Nc3 f6 11.
O-O g6 12. Be3 Bg7 13. h3 Bd7 14. Rc1 Nbc4 15. Qe2 Nxb3 16. axb3 Nxe3 17. fxe3 O-O 18. e4 Qb6+ 19. Kh1 Qxb3 20. d6 exd6 21. Nd5 Bb5 22.
Qd1 Qxd1 23. Rfxd1 Ba4 24. Rd2 Bh6 25. Rc7 Bxd2 26.
Nxd2 Rf7 27. Rc3 Bc6 28. Nc4 Bxd5 29. exd5 Rd8 30. Na5 f5 31. Kg1 e4 32. Kf2 f4 33. b4 e3+ 34. Ke2 Kg7 35. Nb3 g5 36. Nd4 Kf6 37. Ne6 Rg8 38. Kf3 h5 39. h4 gxh4 40.
Kxf4 e2 41. Re3 Rxg2 42. Nd4 Rf2+ 43. Ke4 Re7+ 44. Ne6 h3 45. Rxe2 Rxe2+ 0-1

[Event "*** SCC Grand Prix: Titled Tuesday Blitz"]
[Site "Chess.com"]
[Date "2020.10.06"]
[Round "9"]
[White "KiranManisha"]
[Black "venus02"]
[Result "1-0"]
[WhiteElo "2387"]
[BlackElo "2474"]
[TimeControl "180+1"]
[EndTime "11:44:37 PDT"]
[Termination "KiranManisha won by checkmate"]

1. e4 c6 2. d4 d5 3. e5 Bf5 4. h4 h5 5. c4 e6 6. Nc3 Ne7 7. Nge2 dxc4 8. Ng3 Bd3 9. Bxd3 cxd3 10. Qxd3 Nd5 11.
Bg5 Qb6 12. O-O Nd7 13. Nxd5 cxd5 14. a3 Nb8 15. b4 Nc6 16. Rfd1 Be7 17. Bxe7 Nxe7 18.
Kh2 Ng6 19. Rac1 Nxh4 20. Rc3 Ng6 21. Rdc1 h4 22. Ne2 O-O 23. Qe3 f6 24. Nf4 Nxf4 25.
Qxf4 fxe5 26. Qxe5 Rf5 27. Qe3 Raf8 28. f3 Qd6+ 29.
Kg1 h3 30. Rc8 Qg3 31. Qxe6+ Kh7 32. Qe2 Rxf3 33. Rxf8 Rxf8 34. Qh5+ Kg8 35. Qxd5+ Rf7 36. Rc8+ Kh7 37. Qh5# 1-0

[Event "*** SCC Grand Prix: Titled Tuesday Blitz"]
[Site "Chess.com"]
[Date "2020.10.06"]
[Round "9"]
[White "PSvidler"]
[Black "Smirnov_Pavel"]
[Result "0-1"]
[WhiteElo "2899"]
[BlackElo "2815"]
[TimeControl "180+1"]
[EndTime "11:44:38 PDT"]
[Termination "Smirnov_Pavel won by resignation"]

1. c4 e6 2. g3 d5 3. Bg2 Nf6 4. b3 Be7 5. Bb2 O-O 6. Nf3 c5 7. cxd5 Nxd5 8. O-O b6 9. e4 Nb4 10. d4 Ba6 11. a3 Bxf1 12. Bxf1 N4c6 13. d5 exd5 14. exd5 Bf6 15. Ra2 Bxb2 16. Rxb2 Qf6 17. dxc6 Qxb2 18. c7 Nc6 19. Qd5 Qxb1 20. Qxc6 Rac8 21.
Ne5 Qf5 22. Nc4 Qe6 23. Nd6 Qe7 0-1

[Event "*** SCC Grand Prix: Titled Tuesday Blitz"]
[Site "Chess.com"]
[Date "2020.10.06"]
[Round "9"]
[White "jacky72"]
[Black "korkmaz16"]
[Result "0-1"]
[WhiteElo "2554"]
[BlackElo "2384"]
[TimeControl "180+1"]
[EndTime "11:44:38 PDT"]
[Termination "korkmaz16 won by resignation"]

1. d4 d5 2. Nf3 Nf6 3. c4 c6 4. Nc3 e6 5. cxd5 exd5 6. Bf4 Bd6 7.
Bxd6 Qxd6 8. e3 O-O 9. Bd3 Bg4 10. h3 Bh5 11. Qc2 Nbd7 12. g4 Bg6 13. O-O-O Rfc8 14. Kb1 a5 15. Bxg6 hxg6 16. g5 Nh5 17. Qd3 a4 18. Rhe1 b5 19. e4 Nf4 20. Qe3 Ng2 21. Qd3 Nxe1 22. Rxe1 b4 23. e5 Qe6 24. Ne2 Qf5 25.
Qxf5 gxf5 26. Nf4 Nf8 27. g6 Nxg6 28. Nxg6 fxg6 29. Ng5 c5 30. dxc5 Rxc5 31. e6 b3 32.
f4 Rc4 33. Rf1 d4 34. Rd1 Rac8 35. Nf3 d3 36. Ne5 Rd4 37. axb3 axb3 38. Nxd3 Rcd8 39.
e7 Re8 40. Kc1 Rxe7 41. Kd2 Red7 42. Kc3 R4d6 43. Rd2 Kh7 44. Rd1 Kh6 45. Rd2 Kh5 46. Rd1 Rd4 47. Rd2 Kh4 48. Rd1 Rxf4 49. Nxf4 Rxd1 50.
Nxg6+ Kxh3 51. Kxb3 Kg3 52. Kc2 Rd8 53. b4 f4 54.
Nxf4 Kxf4 0-1

[Event "*** SCC Grand Prix: Titled Tuesday Blitz"]
[Site "Chess.com"]
[Date "2020.10.06"]
[Round "9"]
[White "zurzan"]
[Black "esrosenberg"]
[Result "0-1"]
[WhiteElo "1941"]
[BlackElo "2283"]
[TimeControl "180+1"]
[EndTime "11:44:41 PDT"]
[Termination "esrosenberg won by resignation"]

1. f4 g6 2. Nf3 d5 3. g3 c5 4.
Bg2 Nc6 5. O-O Bg7 6. d3 Nh6 7. c3 d4 8. e4 dxe3 9. Bxe3 Bf5 10. Bxc5 Bxd3 11. Re1 O-O 12. Ne5 Nxe5 13. fxe5 Rc8 14. Bd4 Ba6 15. Nd2 Nf5 16. Nf3 e6 17. g4 Nxd4 18.
cxd4 Qb6 19. b3 h6 20. Rc1 Rcd8 21. Qc2 Rd7 22. Kh1 Rfd8 23. h4 Bb5 24. g5 Bc6 25. gxh6 Bxh6 26. Qc5 Bxc1 27. Qxb6 axb6 28. Rxc1 Bxf3 29.
Bxf3 Rxd4 30. Bxb7 Rd1+ 31. Kg2 Rxc1 0-1

[Event "*** SCC Grand Prix: Titled Tuesday Blitz"]
[Site "Chess.com"]
[Date "2020.10.06"]
[Round "9"]
[White "Ural_bogatyr"]
[Black "MarceloPlaya"]
[Result "1-0"]
[WhiteElo "2377"]
[BlackElo "2259"]
[TimeControl "180+1"]
[EndTime "11:44:43 PDT"]
[Termination "Ural_bogatyr won on time"]

1. e4 e6 2. d4 d5 3. Bd3 c5 4. exd5 exd5 5. Nf3 Nf6 6. O-O Be7 7. dxc5 O-O 8. b4 Bg4 9. h3 Bh5 10. c3 a5 11. a3 Nc6 12. Bb2 d4 13. cxd4 axb4 14.
axb4 Rxa1 15. Bxa1 Nxb4 16. Be2 Nfd5 17. Ne5 Bxe2 18.
Qxe2 Bf6 19. Nc3 Re8 20. Qc4 Nxc3 21. Bxc3 Nd5 22. Bb2 Nf4 23. Qxf7+ Kh8 24. Qxb7 Ne2+ 25. Kh1 Nxd4 26. Nf7+ 1-0

[Event "*** SCC Grand Prix: Titled Tuesday Blitz"]
[Site "Chess.com"]
[Date "2020.10.06"]
[Round "9"]
[White "Reader777"]
[Black "Onischuk_V"]
[Result "1-0"]
[WhiteElo "2674"]
[BlackElo "2839"]
[TimeControl "180+1"]
[EndTime "11:44:48 PDT"]
[Termination "Reader777 won by resignation"]

1. d4 d6 2. c4 e5 3. Nf3 e4 4. Ng5 Nf6 5. Nc3 Qe7 6. g3 h6 7.
Nh3 g5 8. Bg2 c6 9. O-O Bf5 10.
f3 e3 11. Qb3 Qd7 12. g4 Bg6 13. Bxe3 Bg7 14. Bf2 h5 15. Nxg5 hxg4 16. f4 Na6 17. e4 Nh5 18. f5 O-O-O 19. fxg6 fxg6 20. c5 Kb8 21. Nf7 dxc5 22. dxc5 g3 23. hxg3 Bd4 24. Nxh8 Nxg3 25. Qd1 Nxf1 26. Qxd4 Qc7 27. Rxf1 Rxd4 28.
Bxd4 Qd8 29. Be5+ 1-0

[Event "*** SCC Grand Prix: Titled Tuesday Blitz"]
[Site "Chess.com"]
[Date "2020.10.06"]
[Round "9"]
[White "WIDBIFS"]
[Black "Parhamov"]
[Result "0-1"]
[WhiteElo "2734"]
[BlackElo "2953"]
[TimeControl "180+1"]
[EndTime "11:44:49 PDT"]
[Termination "Parhamov won by resignation"]

1. d4 Nf6 2. Nf3 g6 3. Bf4 Bg7 4. e3 O-O 5. Nbd2 d5 6. h3 Nbd7 7. Bd3 c5 8. c3 b6 9. O-O Bb7 10. Ne5 a6 11. Bh2 b5 12. a3 Qb6 13. b4 c4 14. Bc2 a5 15. Qc1 Ra7 16. Qb2 Rfa8 17. Rfb1 e6 18. bxa5 Rxa5 19. a4 Qa7 20. Nxd7 Nxd7 21.
Bc7 Ra6 22. Bg3 Bc6 23. Qa3 Bf8 24. Bd6 Bxd6 25. Qxd6 bxa4 26. Qa3 Qc7 27. Rb4 Nf6 28. Rab1 Ne8 29. Ra1 Nd6 30. Rab1 Kg7 31. Nf3 Be8 32. R4b2 Ra5 33. Rb6 Nb5 34. Qc5 Qxc5 35. dxc5 Nxc3 36. Ra1 Rxc5 37. Nd4 a3 38. Rb7 Kf6 39. f4 Nb5 40. Nf3 Nd6 41. Rbb1 c3 42. Rb6 Nc4 43. Rb7 Nxe3 44. Bd3 c2 45. g4 c1=Q+ 0-1

[Event "*** SCC Grand Prix: Titled Tuesday Blitz"]
[Site "Chess.com"]
[Date "2020.10.06"]
[Round "9"]
[White "ljuks68"]
[Black "kot60"]
[Result "0-1"]
[WhiteElo "2334"]
[BlackElo "2429"]
[TimeControl "180+1"]
[EndTime "11:44:52 PDT"]
[Termination "kot60 won on time"]

1. e4 e5 2. Nf3 Nc6 3. Bb5 a6 4. Ba4 d6 5. c3 Ne7 6. d4 Ng6 7. d5 b5 8. Bc2 Na5 9. a4 Bd7 10. O-O c5 11. b4 Nb7 12. Re1 h6 13.
Nbd2 Be7 14. Nf1 Rc8 15. Ne3 Bg5 16. Bd3 c4 17. Bc2 Bf4 18. Qe2 O-O 19. g3 Bxe3 20.
Qxe3 Ra8 21. h4 Ne7 22. a5 f5 23. exf5 Bxf5 24. Bxf5 Nxf5 25. Qe4 Qd7 0-1

[Event "*** SCC Grand Prix: Titled Tuesday Blitz"]
[Site "Chess.com"]
[Date "2020.10.06"]
[Round "9"]
[White "hungrycaterpillar4"]
[Black "TrimitziosP7"]
[Result "0-1"]
[WhiteElo "2644"]
[BlackElo "2816"]
[TimeControl "180+1"]
[EndTime "11:44:54 PDT"]
[Termination "TrimitziosP7 won by resignation"]

1. d4 Nf6 2. Bf4 h5 3. c4 e6 4. Nc3 c5 5. d5 exd5 6. Nxd5 d6 7. Nf3 Be6 8. e3 Nbd7 9. Nxf6+ Qxf6 10. Qd2 Ne5 11.
Nxe5 dxe5 12. Bg3 h4 13. O-O-O hxg3 14. Qa5 Bd7 15. Be2 Bd6 16. hxg3 Rxh1 17. Rxh1 Ke7 18. Bf3 e4 19. Bxe4 Qxf2 20. Qc3 Qxg3 21. Rd1 Be5 22. Qd2 Be6 23. Bd5 Rd8 24. Kb1 b5 0-1

[Event "*** SCC Grand Prix: Titled Tuesday Blitz"]
[Site "Chess.com"]
[Date "2020.10.06"]
[Round "9"]
[White "tornikesanikidze"]
[Black "Konavets"]
[Result "0-1"]
[WhiteElo "2671"]
[BlackElo "3012"]
[TimeControl "180+1"]
[EndTime "11:44:55 PDT"]
[Termination "Konavets won by resignation"]

1. d4 Nf6 2. c4 e5 3. dxe5 Ng4 4. Nf3 Bc5 5. e3 Nc6 6. Be2 O-O 7. Nc3 Re8 8. O-O Ngxe5 9. b3 Nxf3+ 10. Bxf3 Ne5 11. Be2 a5 12. Na4 Bf8 13. c5 d6 14. cxd6 Bxd6 15. f4 Ng6 16. Bf3 Nh4 17. e4 Bd7 18. e5 Nxf3+ 19.
Qxf3 Bc6 20. Qg3 Bf8 21. Bb2 Qd2 22. Rf2 Qd5 23. Nc3 Qe6 24. Kh1 Rad8 25. Re1 Qf5 26.
h3 Rd3 27. Re3 Bc5 28. Rxd3 Bxf2 29. Qxf2 Qxd3 30. Kh2 Rd8 31. Qg3 Qxg3+ 32. Kxg3 Rd2 33. Ba3 Rd3+ 0-1

[Event "*** SCC Grand Prix: Titled Tuesday Blitz"]
[Site "Chess.com"]
[Date "2020.10.06"]
[Round "9"]
[White "chessdjw"]
[Black "SharapovEvgeny"]
[Result "1-0"]
[WhiteElo "2644"]
[BlackElo "2472"]
[TimeControl "180+1"]
[EndTime "11:44:57 PDT"]
[Termination "chessdjw won by resignation"]

1. c4 c6 2. Nf3 d5 3. g3 Nf6 4.
Bg2 g6 5. b3 Bg7 6. Bb2 O-O 7.
O-O Bf5 8. d3 Re8 9. Re1 a6 10.
Nbd2 Bg4 11. h3 Bxf3 12. Nxf3 Nbd7 13. Rc1 e6 14. Qd2 b5 15. cxd5 cxd5 16. Rc6 Nb8 17. Rc2 Qb6 18. Rec1 Nbd7 19. Rc6 Qb7 20. Rc7 Qb8 21.
Qe3 Ng4 22. hxg4 Bxb2 23. R1c2 Nf6 24. Qf4 Ba1 25. g5 1-0

[Event "*** SCC Grand Prix: Titled Tuesday Blitz"]
[Site "Chess.com"]
[Date "2020.10.06"]
[Round "9"]
[White "Zemerovv"]
[Black "Alexandercs432"]
[Result "1-0"]
[WhiteElo "2269"]
[BlackElo "2138"]
[TimeControl "180+1"]
[EndTime "11:45:00 PDT"]
[Termination "Zemerovv won on time"]

1. d4 d5 2. Nc3 Nf6 3. Bg5 e6 4. f3 c5 5. e4 cxd4 6. Qxd4 Nc6 7. Bb5 Be7 8. exd5 exd5 9. O-O-O O-O 10. Qa4 Be6 11. Nge2 Rc8 12. Bxc6 bxc6 13. Qxa7 Ra8 14. Qe3 h6 15. Bxf6 Bxf6 16. Nd4 Re8 17. Nxe6 Rxe6 18. Qc5 Qb8 19. a3 Re8 20. Rhe1 Rc8 21.
Rd3 Qb7 22. f4 Rcb8 23. b3 Ra6 24. a4 Raa8 25. g3 Ra7 26. h4 Be7 27. Rxe7 Qxe7 28.
Qxc6 Qa3+ 29. Kd2 Re7 30. Qxd5 Rbe8 31. Qd6 Re1 32. Qxa3 1-0

[Event "*** SCC Grand Prix: Titled Tuesday Blitz"]
[Site "Chess.com"]
[Date "2020.10.06"]
[Round "9"]
[White "CrazyMartian"]
[Black "Shuvalov"]
[Result "0-1"]
[WhiteElo "2278"]
[BlackElo "2409"]
[TimeControl "180+1"]
[EndTime "11:45:02 PDT"]
[Termination "Shuvalov won on time"]

1. d4 Nf6 2. c4 c5 3. d5 b5 4. cxb5 a6 5. bxa6 g6 6. Nc3 Bxa6 7. e4 Bxf1 8. Kxf1 d6 9. Nf3 Nbd7 10. g3 Bg7 11. Kg2 O-O 12. a4 Qa5 13. Ra3 Rfb8 14. Qe2 Qb4 15. Re1 Nb6 16. Na2 Qc4 17. b3 Qxe2 18. Rxe2 c4 19. Nb4 cxb3 20. Nc6 Nc4 21. Nxb8 Rxb8 22. a5 Nxa3 23. Bxa3 Nd7 24. Bb2 Nc5 25.
Nd4 Na4 26. Nc6 Ra8 27. Bxg7 Kxg7 28. Re3 Nc5 29. Re2 Nd3 30. Rd2 b2 31. Rd1 Nc1 0-1

[Event "*** SCC Grand Prix: Titled Tuesday Blitz"]
[Site "Chess.com"]
[Date "2020.10.06"]
[Round "9"]
[White "catzapto"]
[Black "davigator"]
[Result "0-1"]
[WhiteElo "2159"]
[BlackElo "2353"]
[TimeControl "180+1"]
[EndTime "11:45:04 PDT"]
[Termination "davigator won by checkmate"]

1. e4 c5 2. Nf3 Nc6 3. c3 Nf6 4. e5 Nd5 5. d4 cxd4 6. cxd4 d6 7. Nc3 Nxc3 8. bxc3 d5 9. Bd3 Bg4 10. h3 Bh5 11.
O-O e6 12. Rb1 Qd7 13. Qb3 Bxf3 14. gxf3 Rb8 15. Bb5 Be7 16. Bxc6 Qxc6 17. Qb5 Qxb5 18. Rxb5 b6 19. a4 Rc8 20. Bd2 Kd7 21. a5 Rc6 22. Rfb1 Rb8 23. Kf1 Bd8 24. Ke2 Rbc8 25.
axb6 Bxb6 26. f4 g6 27. h4 h5 28. Kd3 Rc4 29. R1b4 R8c6 30. Rxc4 Rxc4 31. Rb4 Rxb4 32. cxb4 Bd8 33. b5 Bxh4 34. Bb4 Bd8 35. Bc5 Bb6 36. Ke3 Kc7 37. Kf3 Kb7 38. Kg3 Bd8 39.
Kh3 a6 40. bxa6+ Kxa6 41. Kg3 Kb5 42. Kf3 Kc4 43. Ke3 Ba5 44. Kf3 Kd3 45. Kg3 Bc3 46.
Be7 Bxd4 47. f3 Ke3 48. Ba3 Ke2 49. Bc1 Bf2+ 50. Kg2 Be3 51. Bb2 d4 52. Kg3 d3 53.
Bc3 d2 54. f5 d1=Q 55. fxe6 Qg1+ 56. Kh4 fxe6 57. Bd4 Kxf3 58. Bxe3 Qg4# 0-1

[Event "*** SCC Grand Prix: Titled Tuesday Blitz"]
[Site "Chess.com"]
[Date "2020.10.06"]
[Round "9"]
[White "Miss_JJ20"]
[Black "queen_iryna"]
[Result "1-0"]
[WhiteElo "2478"]
[BlackElo "2314"]
[TimeControl "180+1"]
[EndTime "11:45:05 PDT"]
[Termination "Miss_JJ20 won by resignation"]

1. d4 d5 2. Bf4 Nf6 3. e3 c5 4. Nc3 a6 5. Nf3 Nc6 6. Be2 Bf5 7. Ne5 h6 8. g4 Bh7 9. h4 cxd4 10. exd4 Ne4 11.
Bd3 Nxc3 12. bxc3 Bxd3 13. Qxd3 Nxe5 14. Bxe5 e6 15. Rb1 Qd7 16. c4 f6 17. Qg6+ Kd8 18. Bxf6+ Kc8 19. Be5 dxc4 20. O-O b5 21.
f4 Kb7 22. f5 exf5 23. Rxf5 Be7 24. Bxg7 Rhg8 25. Rf7 Rae8 26. Re1 Ka8 27. Qxa6+ Kb8 28.
Be5+ 1-0

[Event "*** SCC Grand Prix: Titled Tuesday Blitz"]
[Site "Chess.com"]
[Date "2020.10.06"]
[Round "9"]
[White "HrvojeZagreb"]
[Black "doons21"]
[Result "0-1"]
[WhiteElo "2147"]
[BlackElo "2571"]
[TimeControl "180+1"]
[EndTime "11:45:06 PDT"]
[Termination "doons21 won by checkmate"]

1. d4 Nf6 2. Bf4 c6 3. e3 Qb6 4.
Qc1 d5 5. Nd2 Bf5 6. Ngf3 h6 7.
h3 Nbd7 8. c4 e6 9. c5 Qd8 10.
Be2 g5 11. Bh2 Bg7 12. Ne5 O-O 13. O-O Ne4 14. Nxd7 Qxd7 15. Nxe4 Bxe4 16. b4 f6 17. Bg4 f5 18. Bh5 f4 19. Qd2 f3 20. g3 e5 21. g4 Qe6 22. a4 Rac8 23. b5 Rc7 24. Ra2 Re7 25. Rb2 Bg6 26. Bxg6 Qxg6 27. a5 h5 28. dxe5 hxg4 29. hxg4 Bxe5 30. Bxe5 Rxe5 31. a6 Re4 32. axb7 Rxg4+ 33. Kh2 Qh5# 0-1

[Event "*** SCC Grand Prix: Titled Tuesday Blitz"]
[Site "Chess.com"]
[Date "2020.10.06"]
[Round "9"]
[White "K_A_S_T_O_R"]
[Black "DrMamaliga"]
[Result "1-0"]
[WhiteElo "2717"]
[BlackElo "2362"]
[TimeControl "180+1"]
[EndTime "11:45:07 PDT"]
[Termination "K_A_S_T_O_R won by resignation"]

1. e4 e5 2. Nf3 Nc6 3. Bb5 a6 4. Ba4 d6 5. c3 f5 6. exf5 Bxf5 7.
d4 e4 8. Nfd2 Nf6 9. Nf1 d5 10.
Bg5 Be7 11. Ne3 Be6 12. Bb3 Qd7 13. Nd2 Ng4 14. Bxe7 Nxe3 15. fxe3 Nxe7 16. Qh5+ Bf7 17. Qe5 O-O 18. O-O c6 19. Rf2 Bg6 20. Raf1 Rxf2 21.
Rxf2 Rf8 22. Nxe4 Nf5 23. Nc5 Qe8 24. Qxe8 Rxe8 25. e4 Ne7 26. e5 Rb8 27. g4 a5 28.
e6 b6 29. Nd7 Re8 30. Nxb6 Kh8 31. Nd7 Ng8 32. Nc5 Nf6 33. Ba4 Nxg4 34. Rf4 1-0

[Event "*** SCC Grand Prix: Titled Tuesday Blitz"]
[Site "Chess.com"]
[Date "2020.10.06"]
[Round "9"]
[White "UmarovSabir"]
[Black "Bastiandash"]
[Result "1-0"]
[WhiteElo "2381"]
[BlackElo "2275"]
[TimeControl "180+1"]
[EndTime "11:45:07 PDT"]
[Termination "UmarovSabir won by resignation"]

1. e4 c5 2. a3 Nf6 3. e5 Nd5 4. Bc4 Nc7 5. Qf3 e6 6. Qg3 d5 7. Be2 Nc6 8. Nf3 Be7 9. Qxg7 Rf8 10. d3 Nb5 11. c3 Bd7 12. a4 Nc7 13. Bh6 f6 14.
Qxh7 fxe5 15. Nxe5 Rf5 16. Qg6+ 1-0

[Event "*** SCC Grand Prix: Titled Tuesday Blitz"]
[Site "Chess.com"]
[Date "2020.10.06"]
[Round "9"]
[White "AlexOstrovskiy"]
[Black "Sergienko_Sergey"]
[Result "1-0"]
[WhiteElo "2753"]
[BlackElo "2396"]
[TimeControl "180+1"]
[EndTime "11:45:08 PDT"]
[Termination "AlexOstrovskiy won by resignation"]

1. d4 Nf6 2. Bf4 e6 3. e3 b6 4. Qf3 Nc6 5. Nc3 Bb7 6. O-O-O Be7 7. g4 Qc8 8. Bg2 Na5 9. e4 h6 10. h4 d5 11. e5 Ne4 12. Nxe4 dxe4 13. Qe2 Bd5 14.
Bxe4 Qb7 15. f3 O-O 16. Nh3 Rfd8 17. g5 h5 18. g6 fxg6 19. Rhg1 Qc6 20. Rxg6 Bf8 21.
Rdg1 Qa4 22. Qg2 Rd7 23. Bxd5 exd5 24. e6 Re7 25. Be5 Qxa2 26. Bxg7 Qa1+ 27. Kd2 Nc4+ 28.
Ke2 1-0

[Event "*** SCC Grand Prix: Titled Tuesday Blitz"]
[Site "Chess.com"]
[Date "2020.10.06"]
[Round "9"]
[White "Borsuk_Konstantin"]
[Black "Kira170"]
[Result "0-1"]
[WhiteElo "2558"]
[BlackElo "2773"]
[TimeControl "180+1"]
[EndTime "11:45:08 PDT"]
[Termination "Kira170 won by resignation"]

1. d4 Nf6 2. c4 e6 3. Nc3 d5 4. cxd5 exd5 5. Bg5 c6 6. e3 Be7 7. Bd3 Nbd7 8. Qc2 O-O 9. Nge2 Re8 10. Bh4 Nf8 11. f3 g6 12. O-O Ne6 13. Rad1 b5 14.
Bf2 Bd7 15. h3 Rc8 16. Qd2 b4 17. Na4 c5 18. Nxc5 Nxc5 19. dxc5 Bxc5 20. Nd4 Qb6 21.
Rfe1 a5 22. Nb3 a4 23. Nxc5 Qxc5 24. e4 Qa5 25. e5 Nh5 26. Bb1 Be6 27. g4 Ng7 28.
Bh4 Qb6+ 29. Kg2 Red8 30. Bxd8 Rxd8 31. Qd4 Qb7 32. Rc1 h5 33. Kg3 Qe7 34. Red1 hxg4 35.
hxg4 Qg5 36. Qf4 Nh5+ 0-1

[Event "*** SCC Grand Prix: Titled Tuesday Blitz"]
[Site "Chess.com"]
[Date "2020.10.06"]
[Round "9"]
[White "pastouche06"]
[Black "SilviusTiberius"]
[Result "1-0"]
[WhiteElo "2495"]
[BlackElo "2629"]
[TimeControl "180+1"]
[EndTime "11:45:08 PDT"]
[Termination "pastouche06 won by resignation"]

1. d4 Nf6 2. c4 g6 3. f3 Bg7 4.
e4 d6 5. Ne2 O-O 6. Be3 c5 7.
Qd2 Nc6 8. d5 Ne5 9. Nec3 a6 10.
a4 Qa5 11. Be2 e6 12. O-O exd5 13. cxd5 b5 14. Qc2 b4 15. Nd1 c4 16. Nd2 b3 17.
Qc1 Bd7 18. Nxc4 Nxc4 19. Qxc4 Rab8 20. Nc3 Rfc8 21. Qxa6 Qxa6 22. Bxa6 Rxc3 23. bxc3 b2 24. Rab1 Bxa4 25. Rf2 Nd7 26. Bd4 Nc5 27. Bf1 Bh6 28.
Rfxb2 Re8 29. Rb8 1-0

[Event "*** SCC Grand Prix: Titled Tuesday Blitz"]
[Site "Chess.com"]
[Date "2020.10.06"]
[Round "9"]
[White "emiliocordova"]
[Black "Ranindu2003"]
[Result "1-0"]
[WhiteElo "2796"]
[BlackElo "2609"]
[TimeControl "180+1"]
[EndTime "11:45:10 PDT"]
[Termination "emiliocordova won by resignation"]

1. d4 Nf6 2. Nf3 e6 3. g3 d5 4.
Bg2 Be7 5. O-O O-O 6. c4 dxc4 7.
Na3 c5 8. Nxc4 Nc6 9. dxc5 Bxc5 10. Bg5 h6 11. Be3 Bxe3 12. Nxe3 Qe7 13. Nd4 Nxd4 14.
Qxd4 e5 15. Qc3 Rb8 16. Rfd1 Bd7 17. Rac1 Rfc8 18. Qa5 a6 19. Rxc8+ Bxc8 20. Qd8+ Qxd8 21. Rxd8+ Kh7 22. Nc4 Be6 23. Rxb8 Bxc4 24. Bxb7 Bxe2 25. Ra8 Bc4 26. Bxa6 Bxa2 27. Bd3+ e4 28. Bxe4+ Nxe4 29. Rxa2 Kg6 30. b4 Nd6 31. Rd2 Nb5 32. Rd5 Nc7 33. Rc5 Ne6 34. Rc4 Kf6 35. b5 Nd8 36. b6 Ke6 37. Rd4 Nb7 38. f4 Nd6 39. g4 Kd7 40. b7 Kc7 41. Rxd6 1-0

[Event "*** SCC Grand Prix: Titled Tuesday Blitz"]
[Site "Chess.com"]
[Date "2020.10.06"]
[Round "9"]
[White "Arfan48"]
[Black "zubridis"]
[Result "0-1"]
[WhiteElo "2292"]
[BlackElo "2475"]
[TimeControl "180+1"]
[EndTime "11:45:10 PDT"]
[Termination "zubridis won by resignation"]

1. e4 e6 2. Nf3 d5 3. Nc3 Nf6 4. e5 Nfd7 5. d4 c5 6. dxc5 Nc6 7. Bf4 Bxc5 8. Bd3 f6 9. exf6 Qxf6 10. Bg3 h6 11. Qe2 O-O 12. O-O-O Nd4 13. Nxd4 Bxd4 14. Rhe1 Nc5 15. Qd2 Kh8 16. Bd6 Rd8 17. Bxc5 Bxc5 18. f4 Bd7 19. Kb1 b5 20. Ne2 b4 21. Ng1 Bd4 22.
Nf3 Bxb2 23. Ne5 Bc3 24. Qe3 Be8 25. Re2 Qe7 26. Ng6+ Bxg6 27. Bxg6 Rd6 28. Bd3 Qc7 29. Qg3 e5 30. fxe5 Qa5 31. Qf4 Qa3 32. Qc1 Re6 33. Bf5 Ra6 34. Qxa3 bxa3 35. Rxd5 Rb8+ 36. Kc1 Rab6 0-1